 Dungeon Crawl Stone Soup version 0.26-b1-32-g5d43845318 (webtiles) character file.

Game seed: 11479009628763787830

410 Borgoz the Cudgeller (level 6, 0/38 HPs)
             Began as a Gargoyle Gladiator on Jan 10, 2021.
             Slain by an ogre
             ... wielding a +0 giant club
              (16 damage)
             ... on level 4 of the Dungeon.
             The game lasted 00:04:16 (4391 turns).

Borgoz the Cudgeller (Gargoyle Gladiator)           Turns: 4391, Time: 00:04:16

Health: 0/38       AC: 15    Str: 17    XL:     6   Next: 89%
Magic:  6/6        EV: 12    Int:  9    God:
Gold:   134        SH:  0    Dex: 19    Spells: 5/5 levels left

rFire    . . .     SeeInvis .   a - +0 flail
rCold    . . .     Faith    .   (no shield)
rNeg     + . .     Spirit   .   t - +2 scale mail {rPois}
rPois    ∞         Reflect  .   c - +0 helmet
rElec    +         Harm     .   (no cloak)
rCorr    .         Rampage  .   (no gloves)
Will     .....                  s - +0 pair of boots
Stlth    ..........             (no amulet)
HPRegen  0.12/turn              i - +6 ring of dexterity
MPRegen  0.10/turn              (no ring)

@: no status effects
A: negative energy resistance 1, electricity resistance, unbreathing,
petrification resistance, miasma immunity, AC +4
a: no special abilities


You were on level 4 of the Dungeon.
You visited 1 branch of the dungeon, and saw 4 of its levels.

You collected 134 gold pieces.

Inventory:

Hand Weapons
 a - a +0 flail (weapon)
Missiles
 d - 2 throwing nets (quivered)
Armour
 c - a +0 helmet (worn)
 s - a +0 pair of boots (worn)
 t - a +2 scale mail of poison resistance (worn)
Jewellery
 i - a +6 ring of dexterity (left hand)
Wands
 j - a wand of iceblast (10)
 q - a wand of digging (6)
 u - a wand of disintegration (16)
 v - a wand of flame (15)
Scrolls
 g - 2 scrolls of enchant weapon {unknown}
 h - 4 scrolls of identify {unknown}
 k - a scroll of teleportation {unknown}
 m - 2 scrolls of amnesia {unknown}
 p - 2 scrolls of remove curse
Potions
 b - a potion of attraction {unknown}
 e - a potion of flight {unknown}
 f - a potion of experience {unknown}
 l - a potion of heal wounds {unknown}
 n - a potion of mutation {unknown}
 o - a potion of resistance {unknown}
 r - 2 potions of curing {unknown}


   Skills:
 + Level 3.6 Fighting
 * Level 4.9 Maces & Flails
 - Level 1.7 Throwing
 + Level 2.8 Armour
 * Level 4.1 Dodging


You had 5 spell levels left.
You didn't know any spells.
Your spell library was empty.

Dungeon Overview and Level Annotations

Branches:
Dungeon (4/15)
 Temple: D:4-7

Altars:
Cheibriados
Vehumet
The Shining One

Shops:
D:4 [


Innate Abilities, Weirdness & Mutations

You are resistant to torment.
Your stone body is resilient. (AC +4)
You are immune to poison.
You resist negative energy. (rN+)
You are resistant to electric shocks. (rElec)
You can survive without breathing.
You are immune to petrification.
You are immune to miasma.


Message History

The ogre struggles against the net.
You sock the ogre!
The ogre is heavily wounded.
The ogre struggles against the net.
You sock the ogre!
The ogre is almost dead.
A shadow imp comes into view.
The ogre struggles against the net.
The shadow imp shouts, "Return whence thou came, thou unmuzzled boil-brained blabberskite!"
You hit the ogre but do no damage.
The ogre is almost dead.
The ogre struggles against the net.
The net rips apart, and the ogre comes free!
You completely miss the ogre.
The ogre is almost dead.
The ogre closely misses you.
Your scale mail prevents you from hitting the ogre.
The ogre is almost dead.
The ogre hits you with a +0 giant club!
You die...

#...........# #...###.#
#..........## ##..#....
.#........### ####....
........### #....
..........## #.....
..#........# #..##..
+........### #....<.
..######.....#.######...
(.....O@......... #...
##.......†.......# #...
#....>..####....# #...
#.......# ....# #...
#....5..# ...# #...
.........# ...# #...
.........# #...
.....##### ... ..


You could see an ogre and a shadow imp.

Vanquished Creatures
  Ijyb (D:3)
  Jessica (D:2)
  Natasha (thrice) (D:2)
  A worker ant (D:4)
  Robin (D:2)
  8 gnolls
  6 adders
  3 worms
  2 dart slugs (D:1)
  2 leopard geckos
  6 orcs (D:3)
  4 giant cockroaches
  15 goblins
  9 hobgoblins
  10 jackals
  2 quokkas
  2 ball pythons (D:3)
  8 bats
  6 frilled lizards
  10 kobolds
  5 rats
105 creatures vanquished.

Notes
Turn   | Place    | Note
-------+----------+-------------------------------------------
     0 | D:1      | Borgoz the Gargoyle Gladiator began the quest for the Orb.
     0 | D:1      | Reached XP level 1. HP: 12/12 MP: 1/1
   211 | D:1      | Reached XP level 2. HP: 16/17 MP: 2/2
   920 | D:1      | Reached skill level 1 in Armour
   920 | D:1      | Reached XP level 3. HP: 19/22 MP: 3/3
  1159 | D:2      | Noticed Jessica
  1163 | D:2      | Killed Jessica
  1167 | D:2      | Reached XP level 4. HP: 15/27 MP: 4/4
  1357 | D:2      | Found a snail-covered altar of Cheibriados.
  1439 | D:2      | Noticed Robin
  1777 | D:2      | Killed Robin
  2186 | D:2      | Found a glowing golden altar of the Shining One.
  2351 | D:2      | Noticed Natasha
  2358 | D:2      | Killed Natasha
  2359 | D:2      | Reached XP level 5. HP: 26/32 MP: 5/5
  2646 | D:2      | Noticed Natasha
  2653 | D:2      | Killed Natasha
  2910 | D:2      | Noticed Natasha
  2920 | D:2      | Killed Natasha
  2948 | D:3      | Noticed Ijyb
  2965 | D:3      | Killed Ijyb
  3200 | D:3      | Reached XP level 6. HP: 27/37 MP: 6/6
  4056 | D:4      | Found Zamim's Antique Armour Emporium.
  4318 | D:4      | Found a radiant altar of Vehumet.
  4391 | D:4      | Slain by an ogre

Illustrated notes

Levels and vault maps discovered:
D:1:      eino_arrival_cavern_a, layout_basic
D:2:      layout_loops_corners, tso_metal_star, cheibriados_altar_1,
          uniq_natasha, uniq_jessica, uniq_robin
D:3:      layout_loops_cross, uniq_ijyb
D:4:      layout_basic, vehumet_altar_wand_db, pdpol_wu_jian_five_deadly_venoms,
          serial_shops, shop

Skill      XL: |  1  2  3  4  5  6 |
---------------+-------------------+-----
Armour         | 1 2 |  2.8
Dodging        | 3 4 |  4.1
Maces & Flails | 4 |  4.9
Fighting       | 3 |  3.6
Throwing       | |  1.7

Action                   |  1- 3 |  4- 6 || total
-------------------------+-------+-------++-------
Melee: Flail             |    77 |   282 ||   359
Throw: Throwing net      |       |     2 ||     2
  Use: Scroll            |       |     2 ||     2
 Stab: Held in net/web   |       |     1 ||     1
Armor: Leather armour    |    16 |       ||    16
       Ring mail         |    25 |   129 ||   154
       Scale mail        |       |    28 ||    28
Dodge: Dodged            |    59 |   275 ||   334
